 Dungeon Crawl Stone Soup version 0.28.0-53-g5a82cb258f (webtiles) character file.

Game seed: 13967211455441534531

991 bnorton916 the Firebug (level 7, -11/36 HPs)
             Began as a Deep Elf Fire Elementalist on June 1, 2022.
             Mangled by an ogre
             ... wielding a +0 giant club
              (24 damage)
             ... on level 6 of the Dungeon.
             The game lasted 00:05:10 (6707 turns).

bnorton916 the Firebug (Deep Elf Fire Elementalist) Turns: 6707, Time: 00:05:10

Health: -11/36     AC:  4    Str:  5    XL:     7   Next: 98%
Magic:  23/26      EV: 12    Int: 22    God:
Gold:   256        SH:  0    Dex: 15    Spells: 7/17 levels left

rFire   . . .      SeeInvis .   (no weapon)
rCold   . . .      Faith    .   (no shield)
rNeg    . . .      Spirit   .   a - +0 robe
rPois   .          Reflect  .   (no helmet)
rElec   .          Harm     .   r - scarf {+Inv}
rCorr   .          Rampage  .   w - +1 pair of gloves
Will    .....                   (no boots)
Stlth   ++........              (no amulet)
HPRegen 0.12/turn               h - ring of magical power
MPRegen 0.20/turn               i - ring of wizardry

@: no status effects
A: no striking features
a: Evoke Invisibility


You were on level 6 of the Dungeon.
You visited 1 branch of the dungeon, and saw 6 of its levels.

You collected 256 gold pieces.

Inventory:

Hand Weapons
 c - a +1 long sword of protection
 f - a +0 dagger of draining
 x - the +6 shortbow "Perag" {venom, Str-4 Dex+5}
   (You found it on level 5 of the Dungeon)

   Any ammunition fired from it poisons the flesh of those it strikes.
   Str:       It affects your strength (-4).
   Dex:       It affects your dexterity (+5).
Missiles
 b - 106 stones
 d - 6 poisoned darts
 m - 2 boomerangs
Armour
 a - a +0 robe (worn)
 r - a scarf of invisibility (worn)
 w - a +1 pair of gloves (worn)
Magical Staves
 l - a staff of death
Jewellery
 g - a ring of resist corrosion
 h - a ring of magical power (left hand)
 i - a ring of wizardry (right hand)
Wands
 p - a wand of digging (6)
Scrolls
 j - a scroll of noise {unknown}
 k - 2 scrolls of magic mapping {unknown}
 n - 2 scrolls of blinking {unknown}
 o - a scroll of summoning {unknown}
 s - a scroll of fog {unknown}
 t - a scroll of brand weapon {unknown}
 u - a scroll of amnesia {unknown}
 v - a scroll of silence {unknown}
 y - a scroll of immolation {unknown}
 B - a scroll of fear {unknown}
Potions
 e - a potion of resistance
 q - 3 potions of heal wounds {unknown}
 z - 2 potions of lignification {unknown}
 A - a potion of degeneration {unknown}
 C - 2 potions of attraction {unknown}


   Skills:
 + Level 2.9 Armour
 - Level 2.4 Dodging
 - Level 2.4 Stealth
 - Level 5.5 Spellcasting
 + Level 5.8 Conjurations
 + Level 6.7 Fire Magic


You had 7 spell levels left.
You knew the following spells:

 Your Spells              Type           Power      Damage    Failure   Level
a - Foxfire               Conj/Fire      100%       2x1d9     1%          1
b - Scorch                Fire           70%        2d8       1%          2
c - Conjure Flame         Conj/Fire      33%        6-21      1%          3
d - Flame Wave            Conj/Fire      33%        2d8       3%          4

Your spell library contained the following spells:

 Spells                   Type           Power      Damage    Failure   Level
 Inner Flame              Hex/Fire       20%        N/A       3%          3
 Animate Skeleton         Necr           12%        N/A       4%          1
 Pain                     Necr           24%        1d5       4%          1
 Vampiric Draining        Necr           6%         2d6       12%         3


Dungeon Overview and Level Annotations

Branches:
Dungeon (6/15)
 Temple: D:4-7

Altars:

Shops:
D:1 *


Message History

Done exploring.
Done exploring.
Done exploring.
Done exploring.
Done exploring.
Done exploring.
(D) Dungeon
Where to? (Enter - D:5 @ (x,y), ? - help)
You see here a +0 chain mail.
There is a stone staircase leading down here.
You climb downwards.
Found a dagger, a leather armour and a scroll labelled BOEGREJ DIST.
Found a stone staircase leading down.
There is a stone staircase leading up here.
y - a scroll labelled BOEGREJ DIST
A - a purple potion
B - a scroll labelled BOVYHA RO UCO
Found 13 sling bullets.
You now have 256 gold pieces (gained 14).
You see here 13 sling bullets.
C - 2 murky golden potions An ogre comes into view.
It is wielding a +0 giant club.
Casting: Foxfire (safe; 1% risk of failure)
Confirm with . or Enter, or press ? or * to list all spells.
Flames lash the ogre.
The ogre is heavily wounded.
The ogre's fire resistance burns away.
The ogre hits you with a +0 giant club!
Casting: Scorch (safe; 1% risk of failure)
Confirm with . or Enter, or press ? or * to list all spells.
You conjure some foxfire!
The foxfire hits the ogre.
The ogre is burned terribly!
The ogre is heavily wounded.
The ogre hits you with a +0 giant club!
Casting: Foxfire (safe; 1% risk of failure)
Confirm with . or Enter, or press ? or * to list all spells.
You conjure some foxfire!
The ogre hits you with a +0 giant club!!
Ouch! That really hurt!
You die...

.......###########.#.
.>...................
)......#####.......#.
###..........(..#...
#.#<........#.#..#
#.#.........#.#..#
#.#...........#..#
.......####.###O.#####
.......+.....v@v......
........####.####......
......# #.# .....
.......# #.# .... #.#
... #.# ## #.# #.


You could see an ogre (combustible, ally target).

Vanquished Creatures
  A sky beast (D:3)
  2 black bears
  An ogre (D:5)
  A centaur (D:5)
  A phantom (D:5)
  A bullfrog (D:4)
  A water moccasin zombie (D:5)
  A bullfrog skeleton (D:5)
  A jelly (D:4)
  2 hounds
  Jessica (D:2)
  An iguana (D:5)
  2 hound skeletons
  A hound zombie (D:5)
  9 adders
  An adder skeleton (D:4)
  3 worms
  3 dart slugs
  An orc (D:3)
  8 ball pythons
  7 bats
  5 endoplasms
  4 giant cockroaches
  4 goblins
  6 hobgoblins
  4 quokkas
  2 frilled lizards
  6 kobolds
  2 rats (D:2)
82 creatures vanquished.

Vanquished Creatures (others)
  395 foxfires
395 creatures vanquished.

Grand Total: 477 creatures vanquished

Notes
Turn   | Place    | Note
-------+----------+-------------------------------------------
     0 | D:1      | bnorton916 the Deep Elf Fire Elementalist began the quest
                  | for the Orb.
     0 | D:1      | Reached XP level 1. HP: 10/10 MP: 6/6
   377 | D:1      | Found a faded altar of an unknown god.
   425 | D:1      | Reached XP level 2. HP: 15/15 MP: 5/8
   546 | D:1      | Found Ezidwusk's Assorted Antiques.
  1191 | D:2      | Reached XP level 3. HP: 19/19 MP: 6/10
  1268 | D:2      | Noticed Jessica
  1270 | D:2      | Killed Jessica
  1271 | D:2      | Reached skill level 4 in Fire Magic
  1662 | D:2      | Reached XP level 4. HP: 24/24 MP: 12/12
  2344 | D:3      | Noticed a sky beast
  2425 | D:3      | Learned a level 2 spell: Scorch
  2429 | D:3      | Learned a level 3 spell: Conjure Flame
  2487 | D:3      | Killed a sky beast
  2488 | D:3      | Reached XP level 5. HP: 17/28 MP: 14/14
  2496 | D:3      | Reached skill level 5 in Spellcasting
  3205 | D:4      | Reached skill level 5 in Fire Magic
  3205 | D:4      | Reached XP level 6. HP: 32/32 MP: 16/16
  3321 | D:4      | Learned a level 4 spell: Flame Wave
  3623 | D:4      | Reached skill level 1 in Armour
  4869 | D:5      | Entered Level 5 of the Dungeon
  4879 | D:5      | Reached XP level 7. HP: 36/36 MP: 17/17
  5160 | D:5      | Reached skill level 5 in Conjurations
  5270 | D:5      | Reached skill level 6 in Fire Magic
  6278 | D:5      | Identified the +6 shortbow "Perag" {venom, Str-4 Dex+5}
  6707 | D:6      | Mangled by an ogre

Illustrated notes

Levels and vault maps discovered:
D:1:      tarquinn_simple_flora_water_a, layout_basic,
          hellmonk_ecumenical_altar_leap_of_faith, serial_shops,
          nicolae_shop_behind_doors
D:2:      layout_rooms, minmay_fractal_squares_gapless_5, uniq_jessica
D:3:      layout_basic
D:4:      layout_layer_cave, minmay_between
D:5:      layout_cave_pods
D:6:      layout_basic, minmay_temple_entry_stoned_glass, hex_intersection,
          uniq_menkaure

Skill      XL: |  1  2  3  4  5  6  7 |
---------------+----------------------+-----
Conjurations   | 2 3 4 5 |  5.8
Spellcasting   | 4 5 |  5.5
Fire Magic     | 4 5 6 |  6.7
Armour         | 1 2 |  2.9
Dodging        | |  2.4
Stealth        | |  2.4

Action                   |  1- 3 |  4- 6 |  7- 9 || total
-------------------------+-------+-------+-------++-------
 Cast: Foxfire           |    75 |   120 |    35 ||   230
       Scorch            |       |     9 |    14 ||    23
  Use: Scroll            |       |     2 |       ||     2
Armor: Robe              |     1 |     5 |     7 ||    13
Dodge: Dodged            |     8 |    28 |    28 ||    64
